 Dungeon Crawl Stone Soup version 0.20.1-1-g8b1a95d (webtiles) character file.

1076 pstr the Magician (level 8, -7/41 HPs)
             Began as a Kobold Earth Elementalist on Dec 1, 2017.
             Mangled by an orc warrior
             ... wielding a +0 scimitar
              (23 damage)
             ... on level 6 of the Dungeon.
             The game lasted 00:22:30 (8425 turns).

pstr the Magician (Kobold Earth Elementalist)       Turns: 8425, Time: 00:22:31

Health: -7/41      AC:  4    Str:  7    XL:     8   Next: 54%
Magic:  17/17      EV: 15    Int: 19    God:
Gold:   181        SH:  0    Dex: 15    Spells: 14/20 levels left

rFire    . . .     SeeInvis .   a - +4 whip (flame)
rCold    . . .     Gourm    +   (shield restricted)
rNeg     . . .     Faith    .   h - +0 leather armour
rPois    .         Spirit   .   o - +0 helmet
rElec    +         Reflect  .   (no cloak)
rCorr    +         Harm     .   (no gloves)
MR       .....                  (no boots)
Stlth    ++........             I - amulet of the gourmand
Regen    0.2/turn               x - ring of resist corrosion
MPRegen  0.2/turn               (no ring)

@: flying
A: carnivore 3, electricity resistance, strong 1, MP-powered wands
a: no special abilities


You were on level 6 of the Dungeon.
You were very full.

You visited 1 branch of the dungeon, and saw 6 of its levels.
You also visited: Sewer.

You collected 181 gold pieces.

Inventory:

Hand Weapons
 a - a +4 whip of flaming (weapon)
 B - a +0 dagger of speed
 E - a +0 morningstar of protection
 J - a +1 long sword of holy wrath
Missiles
 b - 71 stones (quivered)
Armour
 c - a +0 robe
 h - a +0 leather armour (worn)
 o - a +0 helmet (worn)
Jewellery
 j - an uncursed ring of wizardry {unknown}
 x - a ring of resist corrosion (left hand)
 I - an amulet of the gourmand (around neck)
Wands
 s - a wand of random effects (30/48)
 y - a wand of confusion (28/48)
Scrolls
 f - a scroll of blinking
 i - 7 scrolls of remove curse
 k - a scroll of noise {unknown}
 m - 2 scrolls of identify
 p - 3 scrolls of enchant weapon
 t - 2 scrolls of teleportation
 u - 2 scrolls of random uselessness
 v - a scroll of amnesia
 z - 2 scrolls of fear
 D - a scroll of recharging
Potions
 g - a potion of ambrosia {unknown}
 l - a potion of agility {unknown}
 n - a potion of heal wounds {unknown}
 r - a potion of cancellation {unknown}
 C - a potion of degeneration {unknown}
 G - a potion of haste
 H - a potion of invisibility {unknown}
Books
 e - a book of Geomancy

   Spells                             Type                      Level
   a - Sandblast                      Earth                        1
   b - Passwall                       Transmutation/Earth          2
   c - Stone Arrow                    Conjuration/Earth            3
   d - Petrify                        Transmutation/Earth          4
   e - Lee's Rapid Deconstruction     Earth                        5
Comestibles
 d - 4 meat rations
 q - a royal jelly


   Skills:
 + Level 0.3 Maces & Flails
 + Level 0.1 Armour
 + Level 3.9 Dodging
 + Level 3.8 Stealth
 + Level 6.5 Spellcasting
 + Level 2.4 Conjurations
 + Level 1.0 Transmutations
 + Level 6.4 Earth Magic


You had 14 spell levels left.
You knew the following spells:

 Your Spells              Type           Power        Failure   Level  Hunger
a - Sandblast             Erth           ####..       1%          1    None
b - Passwall              Tmut/Erth      ###.......   4%          2    None
c - Stone Arrow           Conj/Erth      ###...       8%          3    ##.....


Dungeon Overview and Level Annotations

Branches:
Dungeon (6/15)
 Temple: D:4-7

Altars:
Elyvilon
Hepliaklqana
Makhleb
Qazlal
Ru
Sif Muna
Uskayaw


Innate Abilities, Weirdness & Mutations

You are small and have problems with some larger weapons.
You are carnivorous and can eat meat at any time.
You are resistant to electric shocks. (rElec)
Your muscles are strong. (Str +2)
You expend magic power (3 MP) to strengthen your wands.


Message History

Press: ? - help, Shift-Dir - straight line, f/p - orc warrior
Aim: an orc warrior, wielding a scimitar and wearing a chain mail (moderately wounded)
The blast of sand hits the orc warrior.
The orc warrior is moderately wounded.
b - 71 stones The orc warrior hits you with a scimitar!!
Ouch! That really hurt!
Casting: Sandblast
Confirm with . or Enter, or press ? or * to list all spells.
Aiming: Sandblast
Press: ? - help, Shift-Dir - straight line, f/p - orc warrior
Aim: an orc warrior, wielding a scimitar and wearing a chain mail (moderately wounded)
Okay, then.
It was a potion of magic.
Magic courses through your body. The orc misses you.
It was a potion of flight.
You feel very buoyant.
You fly up into the air.
The orc warrior hits you with a scimitar!!
Ouch! That really hurt!
You die...

##.......## #.
#.......<.##.#
#.......)#.#
#.........#
#.#...#...# #
##....#.#
#..)..##.#
#.##..# #.# #.
#@o# #.(
##.#.##oo#####.
.......z.......
##.....%.######
###.#..).#
#.#.##.# . #.
.# # ). .z ...
...


You could see an orc warrior, 2 wights and 2 orcs.

Vanquished Creatures
  2 ogres (D:4)
  A crocodile (Sewer)
  A water moccasin zombie (D:5)
  2 scorpions
  2 wights (D:6)
  A bullfrog zombie (D:5)
  2 hounds
  A bullfrog skeleton (D:5)
  3 iguanas
  3 worker ants (D:4)
  Robin (D:4)
  4 gnolls
  12 adders
  A howler monkey skeleton (D:5)
  A river rat (D:3)
  An adder zombie (D:5)
  An adder skeleton (D:4)
  5 worms
  2 dart slugs
  4 leopard geckos
  13 orcs
  4 bats
  5 giant cockroaches
  14 goblins
  12 hobgoblins
  12 jackals
  4 quokkas
  2 ball pythons
  9 frilled lizards
  10 kobolds
  A quokka skeleton (D:4)
  3 rats (D:1)
139 creatures vanquished.

Notes
Turn   | Place    | Note
-------+----------+-------------------------------------------
     0 | D:1      | pstr the Kobold Earth Elementalist began the quest for the Orb.
     0 | D:1      | Reached XP level 1. HP: 10/10 MP: 3/3
    96 | D:1      | Reached XP level 2. HP: 4/15 MP: 0/5
   804 | D:1      | Reached XP level 3. HP: 19/19 MP: 5/7
   808 | D:1      | Learned a level 2 spell: Passwall
   812 | D:1      | Learned a level 3 spell: Stone Arrow
  1758 | D:2      | Found a burning altar of Makhleb.
  1760 | D:2      | Reached XP level 4. HP: 20/24 MP: 1/9
  2722 | D:3      | Reached XP level 5. HP: 28/28 MP: 1/10
  2876 | D:3      | Found a glowing drain.
  2914 | Sewer    | Entered a sewer
  3089 | Sewer    | Reached skill level 1 in Conjurations
  3220 | Sewer    | Noticed a crocodile
  3228 | Sewer    | Killed a crocodile
  3228 | Sewer    | Reached XP level 6. HP: 32/32 MP: 0/12
  5124 | D:4      | Found a stormy altar of Qazlal.
  5124 | D:4      | Found a sacrificial altar of Ru.
  5269 | D:4      | Noticed Robin
  5294 | D:4      | Killed Robin
  5406 | D:4      | Reached skill level 5 in Earth Magic
  5471 | D:4      | Found a hide-covered altar of Uskayaw.
  5542 | D:4      | Found a white marble altar of Elyvilon.
  5605 | D:4      | Noticed an ogre
  5610 | D:4      | Killed an ogre
  5610 | D:4      | Reached XP level 7. HP: 36/36 MP: 6/14
  5685 | D:4      | Reached skill level 5 in Spellcasting
  6053 | D:4      | Found a hazy altar of Hepliaklqana.
  6302 | D:4      | Found a deep blue altar of Sif Muna.
  6704 | D:4      | Reached XP level 8. HP: 41/41 MP: 6/16
  6810 | D:5      | Entered Level 5 of the Dungeon
  7316 | D:5      | Gained mutation: Your flesh is heat resistant. (rF+) [potion of mutation]
  7316 | D:5      | Gained mutation: You are weak. (Str -2) [potion of mutation]
  7316 | D:5      | Gained mutation: You have large cloven feet. [potion of mutation]
  7316 | D:5      | Gained mutation: You passively map a small area around you. [potion of mutation]
  7317 | D:5      | Lost mutation: You passively map a small area around you. [potion of mutation]
  7317 | D:5      | Lost mutation: You have large cloven feet. [potion of mutation]
  7317 | D:5      | Gained mutation: You tend to lose your temper in combat. [potion of mutation]
  7317 | D:5      | Gained mutation: You are partially covered in thin metallic scales. (AC +2) [potion of mutation]
  7317 | D:5      | Gained mutation: You evolve. [potion of mutation]
  7317 | D:5      | Gained mutation: You have an increased reservoir of magic. (+10% MP) [potion of mutation]
  7318 | D:5      | Lost mutation: You are weak. (Str -2) [potion of mutation]
  7318 | D:5      | Lost mutation: You have an increased reservoir of magic. (+10% MP) [potion of mutation]
  7318 | D:5      | Gained mutation: You are partially covered in iridescent scales. (AC +2) [potion of mutation]
  7318 | D:5      | Gained mutation: You are agile. (Dex +2) [potion of mutation]
  7319 | D:5      | Lost mutation: Your flesh is heat resistant. (rF+) [potion of mutation]
  7319 | D:5      | Lost mutation: You tend to lose your temper in combat. [potion of mutation]
  7319 | D:5      | Lost mutation: You evolve. [potion of mutation]
  7319 | D:5      | Lost mutation: You are agile. (Dex +2) [potion of mutation]
  7319 | D:5      | Lost mutation: You are partially covered in iridescent scales. (AC +2) [potion of mutation]
  7319 | D:5      | Gained mutation: You are resistant to hostile enchantments. (MR+) [potion of mutation]
  7319 | D:5      | Gained mutation: You evolve. [potion of mutation]
  7820 | D:5      | Lost mutation: You are resistant to hostile enchantments. (MR+) [potion of mutation]
  7820 | D:5      | Lost mutation: You evolve. [potion of mutation]
  7820 | D:5      | Lost mutation: You are partially covered in thin metallic scales. (AC +2) [potion of mutation]
  7820 | D:5      | Gained mutation: You expend magic power (3 MP) to strengthen your wands. [potion of mutation]
  7820 | D:5      | Gained mutation: Your muscles are strong. (Str +2) [potion of mutation]
  7820 | D:5      | Gained mutation: You are resistant to electric shocks. (rElec) [potion of mutation]
  8425 | D:6      | Mangled by an orc warrior

Skill      XL: |  1  2  3  4  5  6  7  8 |
---------------+-------------------------+-----
Stealth        | 3 |  3.8
Spellcasting   | 3 4 5 6 |  6.5
Earth Magic    | 4 5 6 |  6.4
Conjurations   | 1 2 |  2.4
Dodging        | 3 |  3.9
Maces & Flails | |  0.3
Armour         | |  0.1
Transmutations | |  1.0

Action                   |  1- 3 |  4- 6 |  7- 9 || total
-------------------------+-------+-------+-------++-------
Melee: Unarmed           |     2 |       |       ||     2
       Whip              |     2 |    13 |     1 ||    16
 Cast: Sandblast         |    29 |    44 |    37 ||   110
       Stone Arrow       |     4 |    66 |    67 ||   137
       Passwall          |     1 |       |       ||     1
  Use: Scroll            |       |       |     9 ||     9
       Potion            |       |       |     8 ||     8
  Eat: Chunk             |    11 |    18 |    10 ||    39
Armor: Robe              |       |    14 |     4 ||    18
       Leather armour    |       |       |     3 ||     3
Dodge: Dodged            |    17 |    44 |    62 ||   123
